 Dungeon Crawl Stone Soup version 0.26.1-11-gd32895ea62 (webtiles) character file.

Game seed: 7889604043028819726

65 Blebati the Skirmisher (level 4, -4/37 HPs)
             Began as a Human Wanderer on June 6, 2021.
             Shot with an arrow by a centaur (5 damage)
             ... on level 2 of the Dungeon.
             The game lasted 00:11:11 (1739 turns).

Blebati the Skirmisher (Human Wanderer)             Turns: 1739, Time: 00:11:11

Health: -4/37      AC:  8    Str: 13    XL:     4   Next: 35%
Magic:  4/4        EV:  9    Int: 14    God:
Gold:   67         SH:  3    Dex: 11    Spells: 3/3 levels left

rFire    . . .     SeeInvis .   n - -1 rapier (curse)
rCold    . . .     Faith    .   f - +0 buckler
rNeg     . . .     Spirit   .   b - +2 scale mail
rPois    .         Reflect  .   (no helmet)
rElec    .         Harm     .   (no cloak)
rCorr    .         Rampage  .   (no gloves)
Will     .....                  (no boots)
Stlth    ..........             (no amulet)
HPRegen  0.12/turn              (no ring)
MPRegen  0.09/turn              (no ring)

@: no status effects
A: no striking features
a: no special abilities


You were on level 2 of the Dungeon.
You visited 1 branch of the dungeon, and saw 2 of its levels.

You collected 67 gold pieces.

Inventory:

Hand Weapons
 a - a +0 hand crossbow
 d - a +0 short sword
 h - a +0 hunting sling
 m - a +0 trident
 n - a cursed -1 rapier (weapon)
Missiles
 c - 35 bolts
 g - 7 boomerangs (quivered)
 k - 49 stones
Armour
 b - a +2 scale mail (worn)
 f - a +0 buckler (worn)
Jewellery
 i - an uncursed ring of ice
Scrolls
 l - a scroll of amnesia {unknown}
Potions
 e - a potion of magic
 j - 2 potions of curing {unknown}


   Skills:
 + Level 3.9 Fighting
 - Level 1.0 Short Blades
 - Level 1.0 Bows
 - Level 3.0 Armour
 - Level 2.0 Dodging
 - Level 1.0 Shields
 - Level 1.0 Evocations


You had 3 spell levels left.
You didn't know any spells.
Your spell library was empty.

Dungeon Overview and Level Annotations

Branches:
Dungeon (2/15)

Altars:


Message History

The centaur wields a +0 shortbow.
The centaur shoots an arrow.
You block the arrow.
You see here an arrow.
The centaur shoots an arrow.
The arrow hits you!
The centaur shoots an arrow.
The arrow barely misses you.
You see here an arrow.
The centaur shoots an arrow.
The arrow barely misses you.
The centaur shoots an arrow.
The arrow hits you!
You see here 2 arrows.
The centaur shoots an arrow.
The arrow hits you.
* * * LOW HITPOINT WARNING * * *
You see here an arrow.
The centaur shoots an arrow.
The arrow hits you!
* * * LOW HITPOINT WARNING * * *
You see here an arrow.
The centaur shoots an arrow.
The arrow hits you.
* * * LOW HITPOINT WARNING * * *
You see here an arrow.
The centaur shoots an arrow.
The arrow hits you.
You die...

..>...#########.###.....##.#
..........รท.#.........#.##.#
).....#####...........#..#.#
......# ##...........##...######
....######.............c(..).....
.....)...#....<.....(...#.((.....
...#####.#..#.........#....c.(...
.........#..#.....(.....#........
<...######..#...@.....###........
..##.##.#####.........# #......).
#.##.##.## ##.##..##..###.####..
#.##.....## #. #.####.# #.# ..
..#####...# #.#..# .# ... .. ..#
#.#.# ..... ..... .. ..#####.###
###... ### ........# #...#
..####..#


You could see a centaur.

Vanquished Creatures
  An adder (D:2)
  4 worms (D:2)
  A dart slug (D:1)
  2 leopard geckos (D:2)
  A bat (D:1)
  2 giant cockroaches (D:1)
  A goblin (D:2)
  5 hobgoblins
  7 jackals (D:1)
  5 kobolds
  3 frilled lizards
  6 rats
38 creatures vanquished.

Notes
Turn   | Place    | Note
-------+----------+-------------------------------------------
     0 | D:1      | Blebati the Human Wanderer began the quest for the Orb.
     0 | D:1      | Blebati set off with the following items: a +0 hand
                  | crossbow, a +2 scale mail, 32 bolts, a +0 short sword
     0 | D:1      | Reached XP level 1. HP: 15/15 MP: 1/1
   140 | D:1      | Reached XP level 2. HP: 22/22 MP: 2/2
   529 | D:1      | Reached XP level 3. HP: 28/28 MP: 3/3
  1328 | D:2      | Reached XP level 4. HP: 28/36 MP: 4/4
  1726 | D:2      | Noticed a centaur
  1737 | D:2      | HP: 1/37 [centaur/arrow (3)]
  1739 | D:2      | Shot with an arrow by a centaur

Illustrated notes

Levels and vault maps discovered:
D:1:      lemuel_arrival_river_bridge, layout_loops_ring,
          minmay_misc_feat_hallway
D:2:      layout_rooms, serial_co_window_serial, co_window_paths_a,
          co_window_of_opportunity_a, co_window_of_opportunity_a,
          co_window_corner_a, co_window_paths_a, co_window_paths_b,
          co_window_broadway_a, co_window_unsneaky_path_e,
          co_window_unsneaky_path_c, co_window_2corner, co_window_broadway_a,
          glass_columns_a, uniq_sigmund

Skill      XL: |  1  2  3 |
---------------+----------+-----
Fighting       | 2 3 |  3.9
Short Blades   | |  1.0
Bows           | |  1.0
Armour         | |  3.0
Dodging        | |  2.0
Shields        | |  1.0
Evocations     | |  1.0

Action                   |  1- 3 |  4- 6 || total
-------------------------+-------+-------++-------
Melee: Short sword       |    39 |       ||    39
       Trident           |    18 |       ||    18
       Rapier            |       |    10 ||    10
 Fire: Hand crossbow     |    71 |     5 ||    76
Throw: Boomerang         |       |     7 ||     7
  Use: Scroll            |     3 |     2 ||     5
Armor: Scale mail        |    48 |     2 ||    50
Dodge: Dodged            |    37 |     5 ||    42
Block: Buckler           |       |     1 ||     1
